 Dungeon Crawl Stone Soup version 0.27-a0-1312-g5cdb2b3542 (webtiles) character file.

Game seed: 5867353840103639174

123 freelancePsychic the Poker (level 4, 0/35 HPs)
             Began as a Demonspawn Berserker on June 20, 2021.
             Was a Believer of Trog.
             Slain by a ball python (1 damage)
             ... on level 3 of the Dungeon.
             The game lasted 00:05:24 (2164 turns).

freelancePsychic the Poker (Demonspawn Berserker)   Turns: 2164, Time: 00:05:24

Health: 0/35       AC:  6    Str: 18    XL:     4   Next: 79%
Magic:  0/4        EV:  8    Int:  9    God:    Trog [**....]
Gold:   75         SH:  0    Dex: 12    Spells: 3/3 levels left

rFire    . . .     SeeInvis .   d - +1 trident
rCold    . . .     Faith    .   (no shield)
rNeg     . . .     Spirit   +   f - +1 ring mail
rPois    .         Reflect  .   (no helmet)
rElec    .         Harm     .   (no cloak)
rCorr    .         Rampage  .   (no gloves)
Will     .....                  (no boots)
Stlth    +.........             (no amulet)
HPRegen  0.11/turn              (no ring)
MPRegen  0.18/turn              (no ring)

@: on berserk cooldown, attractive, slowed, constricted, very slow
A: hooves 1, magic shield, magic regeneration
a: Renounce Religion, Berserk, Trog's Hand


You were on level 3 of the Dungeon.
You worshipped Trog.
Trog was pleased with you.
You visited 1 branch of the dungeon, and saw 3 of its levels.

You collected 75 gold pieces.

Inventory:

Hand Weapons
 d - a +1 trident (weapon)
Missiles
 a - 46 poisoned darts
Armour
 b - a +0 animal skin
 f - a +1 ring mail (worn)
Wands
 h - a wand of iceblast (5)
Potions
 e - a potion of berserk rage
 g - a potion of haste {unknown}
 j - a potion of attraction


   Skills:
 - Level 3.0 Fighting
 * Level 4.7 Polearms
 + Level 1.4 Throwing
 - Level 1.7 Armour
 - Level 1.7 Dodging


You had 3 spell levels left.
You didn't know any spells.
Your spell library was empty.

Dungeon Overview and Level Annotations

Branches:
Dungeon (3/15)

Altars:

Annotations:
D:3 Grinder, Robin


Innate Abilities, Weirdness & Mutations

You have large cloven feet.
When hurt, damage is shared between your health and your magic reserves.
You regenerate magic rapidly.


Message History

* * * LOW HITPOINT WARNING * * *
Grinder convulses!
It was a scroll of holy word.
The ball python closely misses you. The ball python barely misses you.
Robin of the Strong Arm comes into view.
They are wielding a +0 falchion.
The goblin hits you with a +0 dagger.
* * * LOW HITPOINT WARNING * * *
Grinder misses you.
The ball python bites you but does no damage.
The ball python barely misses you.
Robin roars a battlecry!
The goblin goes into a battle-frenzy!
It was a potion of berserk rage.
You're still recovering from your berserk rage.
The goblin hits you but does no damage. The ball python barely misses you.
The ball python misses you. Grinder closely misses you.
The goblin hits you but does no damage.
The ball python bites you but does no damage.
The ball python closely misses you. Grinder hits you but does no damage.
It was a potion of curing.
You feel better. The ball python barely misses you.
The ball python closely misses you. The goblin hits you with a +0 dagger.
Grinder barely misses you. The ball python closely misses you.
The ball python grabs you. The ball python constricts you.
You hit Grinder. Your kick misses Grinder.
Grinder is severely wounded.
The goblin hits you but does no damage. Grinder hits you but does no damage.
The ball python bites you but does no damage.
The ball python constricts you. The goblin hits you with a +0 dagger.
Grinder gestures at you. Pain shoots through your body!
* * * LOW HITPOINT WARNING * * *
The ball python barely misses you.
* * * LOW HITPOINT WARNING * * *
The ball python constricts you.
It was a potion of attraction.
You feel attractive to monsters.
A hobgoblin comes into view.
The goblin hits you with a +0 dagger.
* * * LOW HITPOINT WARNING * * *
The ball python bites you.
You die...

.g.........# .#.. ......
.....g....#....# .....
........##..... #.#...
#.....##..##.. #>.#.#
##...)....###..
####.#.###..............
#...........#.>.########
#...>..5Sg.####...####
#......@g.## ###....#
#.......†## ####.#
##....)...# ### #.###
#.....)####
#.#######.... #.####)##
#....##...#.#
#†.#####.....#.###.#
####...........# #..
#.#####.#.### ##. ###
#.#..## #.


You could see Grinder (dazed), Robin, a hobgoblin (strong), a goblin (strong)
and a ball python.

Vanquished Creatures
  An orc priest (D:3)
  2 adders
  A worm (D:3)
  A dart slug (D:2)
  4 orcs
  4 endoplasms
  4 giant cockroaches
  14 goblins
  3 hobgoblins
  4 jackals
  2 quokkas (D:1)
  A ball python (D:1)
  4 bats
  3 frilled lizards
  6 kobolds
  5 rats
59 creatures vanquished.

Notes
Turn   | Place    | Note
-------+----------+-------------------------------------------
     0 | D:1      | freelancePsychic the Demonspawn Berserker began the quest
                  | for the Orb.
     0 | D:1      | Reached XP level 1. HP: 18/18 MP: 1/1
   293 | D:1      | Reached skill level 3 in Polearms
   443 | D:1      | Gained mutation: You regenerate magic rapidly. [demonic
                  | ancestry]
   443 | D:1      | Reached XP level 2. HP: 24/24 MP: 2/2
  1238 | D:2      | Gained mutation: You have large cloven feet. [demonic
                  | ancestry]
  1238 | D:2      | Reached XP level 3. HP: 29/29 MP: 3/3
  1239 | D:2      | Reached ** piety under Trog
  1485 | D:2      | Reached skill level 4 in Polearms
  1798 | D:3      | Noticed Grinder
  1922 | D:3      | Reached skill level 1 in Throwing
  1922 | D:3      | Gained mutation: When hurt, damage is shared between your
                  | health and your magic reserves. [demonic ancestry]
  1922 | D:3      | Reached XP level 4. HP: 35/35 MP: 4/4
  2160 | D:3      | Noticed Robin
  2164 | D:3      | HP: 1/35 [goblin[Robin] (1)]
  2164 | D:3      | Slain by a ball python

Illustrated notes

Levels and vault maps discovered:
D:1:      dpeg_arrival_circle_labyrinth_a, layout_basic
D:2:      layout_basic
D:3:      layout_rooms, portal_sewer_entry_d,
          shapermc_ecumenical_altar_mp_highgroup, kennysheep_generic_room_5,
          uniq_robin, uniq_grinder

Skill      XL: |  1  2  3 |
---------------+----------+-----
Polearms       | 3 4 |  4.7
Throwing       | 1 |  1.4
Fighting       | |  3.0
Armour         | |  1.7
Dodging        | |  1.7

Action                   |  1- 3 |  4- 6 || total
-------------------------+-------+-------++-------
Melee: Trident           |    96 |    58 ||   154
       Spear             |    10 |       ||    10
       Kick              |     6 |     9 ||    15
Invok: Berserk           |     4 |     1 ||     5
  Use: Scroll            |     5 |     1 ||     6
       Potion            |       |     3 ||     3
 Stab: Sleeping          |     2 |       ||     2
Armor: Animal skin       |     1 |       ||     1
       Ring mail         |    18 |    39 ||    57
Dodge: Dodged            |    49 |    62 ||   111

Table legend: (Time is in decaauts)
 A = Elapsed time spent in this place.
 B = Non-inter-level travel time spent in this place.
 C = Inter-level travel time spent in this place.
 D = Time resting spent in this place.
 E = Time spent auto-exploring this place.
 F = Levels seen in this place.
 G = Mean time per level.
                   A        B        C        D        E       F      G
               +--------+--------+--------+--------+--------+-----+--------+
         Total |   2222 |   2119 |    103 |    318 |   1265 |   3 |  740.7 |
       Dungeon |   2222 |   2119 |    103 |    318 |   1265 |   3 |  740.7 |
               +--------+--------+--------+--------+--------+-----+--------+

Top non-repeatable levels by time:
     D:1: 1066 daAuts
     D:2: 802 daAuts
     D:3: 353 daAuts
